 Dungeon Crawl Stone Soup version 0.14-a0-2950-gbe29d66 (webtiles) character file.

212 Neoxx the Scratcher (level 4, -4/19 HPs)
             Began as a Felid Wanderer on Mar 4, 2014.
             Slain by a green rat (9 damage)
             ... on Level 4 of the Dungeon.
             The game lasted 00:17:39 (3064 turns).

Neoxx the Scratcher (Felid Wanderer)                Turns: 3064, Time: 00:17:40

HP  -4/19        AC  1     Str  7      XL: 4   Next: 37%
MP   8/8         EV 18     Int 17      God:
Gold 119         SH  0     Dex 18      Spells:  0 memorised,  3 levels left
Lives: 0, deaths: 1

rFire  . . .     SeeInvis +       - Unarmed
rCold  . . .     Clarity  .     (armour unavailable)
rNeg   . . .     Conserve .     (shield unavailable)
rPois  .         rCorr    .     (helmet unavailable)
rElec  .         rRot     .     (cloak unavailable)
SustAb . .       Spirit   .     (gloves unavailable)
rMut   .         Warding  .     (boots unavailable)
Saprov . . .     Stasis   .     (no amulet)
MR     .....                    (no ring)
                                (no ring)

@: exhausted, brilliant, mildly poisoned, quick, not resistant to hostile
enchantments, quite stealthy
A: paw claws, no armour, no weapons or thrown items, fangs 3, horns 1, see
invisible, carnivore 3, speed 1, sense surroundings 1, shaggy fur 1, slow
metabolism 1, jump 1
a: Jump Attack


You were on level 4 of the Dungeon.
You were not hungry.

You visited 1 branch of the dungeon, and saw 4 of its levels.

You collected 119 gold pieces.

Inventory:

Missiles
 h - 13 darts of frost
 o - 2 curare-tipped needles
Comestibles
 c - 4 bread rations
 d - 4 meat rations
 m - an apricot
 p - a pear
Scrolls
 a - a scroll of fear
 b - a scroll of identify {unknown}
 e - 2 scrolls of remove curse {unknown}
 j - a scroll of enchant weapon I {unknown}
 k - a scroll of enchant weapon II {unknown}
 l - a scroll of blinking {unknown}
 r - 3 scrolls of noise {unknown}
 u - a scroll of fog {unknown}
 x - a scroll of immolation {unknown}
 y - a scroll of teleportation
Potions
 g - a potion of confusion {unknown}
 i - 2 potions of heal wounds
 n - 2 potions of paralysis {unknown}
 q - a potion of mutation {unknown}
 t - a potion of agility {unknown}
 v - a potion of restore abilities {unknown}
 w - 2 potions of poison {unknown}


   Skills:
 - Level 2.0 Fighting
 - Level 3.0 Dodging
 * Level 4.1 Stealth
 + Level 5.5 Unarmed Combat
   Level 1.7 Invocations


You had 3 spell levels left.
You didn't know any spells.

Dungeon Overview and Level Annotations

Branches:
Dungeon (4/16)
 Temple: D:4-7

Altars:

Portals:
Sewer: D:4

Annotations:
D:2 exclusion: adder
D:3 exclusion: 2 gnolls, Grinder, Sigmund
D:4 exclusion: worker ant, Edmund


Innate Abilities, Weirdness & Mutations

You cannot wear armour.
You are incapable of wielding weapons or throwing items.
Your paws have sharp claws.
You have razor-sharp teeth.
You have supernaturally acute eyesight.
You are carnivorous and can eat meat at any time.
You cover ground quickly.
You are covered in fur (AC +1).
You have a slow metabolism.
You can jump attack at a short distance.
You have a pair of small horns on your head.
You passively map a small area around you.


Message History

The green rat is moderately wounded.
The green rat closely misses you.
You claw the green rat!
The green rat begins to bleed from its wounds!
The green rat is almost dead.
You barely miss the green rat.
The green rat is almost dead.
The green rat misses you.
Use which ability? (? or * to list)
Aiming: Jump Attack
Press: ? - help, Dir - move target cursor, f - green rat
Aim: a green rat (almost dead, bleeding)
You jump-attack the green rat!
You scratch the green rat but do no damage.
Your bite misses the green rat.
The green rat is almost dead.
You feel somewhat more hungry.
A crimson imp comes into view.
The green rat bites you!
You die...

#.##....# ##.## , ,
#
#.#####.#########*,
, #
#.......#........,
, ,* #
#######.#.........
,. #.....≈≈≈.... #
#.#.w≈≈≈≈≈..5 ,#
#.#..r≈∩≈≈s.. ,, ,
* #.#.r≈≈≈≈≈.... *
* #....@≈≈≈...# #
###.........# #
#.........# ,* #
########..# * # *..
# # , , # ,


You could see a worm, a crimson imp (sleeping), a green rat (bleeding), a giant
mite (sleeping) and a rat.

Vanquished Creatures
  Jessica (D:3)
  A gnoll (D:4)
  5 adders
  A giant mite (D:4)
  2 oozes
  4 orcs
  9 hobgoblins
  11 jackals
  2 quokkas
  6 bats
  A giant cockroach (D:2)
  5 giant newts
  9 goblins
  7 kobolds
  4 rats
68 creatures vanquished.

Notes
Turn   | Place    | Note
--------------------------------------------------------------
     0 | D:1      | Neoxx, the Felid Wanderer, began the quest for the Orb.
     0 | D:1      | Reached XP level 1. HP: 9/9 MP: 2/2
    91 | D:1      | Reached skill level 1 in Stealth
   251 | D:1      | Reached XP level 2. HP: 13/13 MP: 3/3
   943 | D:2      | Reached XP level 3. HP: 14/16 MP: 5/5
  1230 | D:2      | Gained mutation: You have a pair of small horns on your head. [potion of beneficial mutation]
  1461 | D:2      | Gained mutation: You passively map a small area around you. [potion of beneficial mutation]
  1612 | D:2      | Reached skill level 5 in Unarmed Combat
  1884 | D:2      | Reached XP level 4. HP: 13/19 MP: 8/8
  2247 | D:3      | Noticed Jessica
  2268 | D:3      | Killed Jessica
  2411 | D:3      | Noticed Sigmund
  2454 | D:3      | Noticed Grinder
  2456 | D:3      | Paralysed by Grinder for 6 turns
  2461 | D:3      | Slain by Grinder
  2462 | D:3      | Reached XP level 3. HP: 0/16 MP: 5/5
  2529 | D:4      | Noticed an ogre
  2585 | D:4      | Reached XP level 4. HP: 13/19 MP: 8/8
  2612 | D:4      | Noticed an ogre
  2670 | D:4      | Noticed Edmund
  3053 | D:4      | Found a glowing drain.
  3064 | D:4      | Slain by a green rat

Action                   |  1- 3 |  4- 6 || total
-------------------------+-------+-------++-------
Melee: Unarmed           |   133 |    56 ||   189
 Abil: Jump Attack       |     3 |     7 ||    10
  Use: Potion            |     4 |     1 ||     5
       Scroll            |       |     1 ||     1
 Stab: Sleeping          |     3 |     1 ||     4
